 Dungeon Sprint DCSS version 0.19-a0-1626-g5215c36 (webtiles) character file.

619 poirepourri the Basher (level 7, -2/52 HPs)
             Began as a Gargoyle Fighter on Sept 18, 2016.
             Was an Initiate of Cheibriados.
             Slain by a centaur warrior (6 damage)
             ... in the Dungeon (Sprint I: "Red Sonja").
             The game lasted 00:01:59 (878 turns).

poirepourri the Basher (Gargoyle Fighter)            Turns: 878, Time: 00:02:00

Health: -2/52      AC: 12    Str: 20    XL:     7   Next: 46%
Magic:  7/7        EV: 11    Int: 10    God:    Cheibriados [......]
Gold:   255        SH: 10    Dex: 12    Spells: 0 memorised, 6 levels left

rFire  . . .     SeeInvis .     a - +0 flail
rCold  + . .     Gourm    .     b - +0 scale mail
rNeg   + . .     Faith    .     c - +0 shield
rPois  ∞         Spirit   .     (no helmet)
rElec  +         Dismiss  .     (no cloak)
rCorr  .         Reflect  .     (no gloves)
MR     .....     Harm     .     (no boots)
Stlth  .......... NoTele   +    (no amulet)
                                (no ring)
                                m - ring of protection from cold

@: very slow
A: negative energy resistance 1, electricity resistance, unbreathing,
petrification resistance, rot immunity, AC +4
a: Bend Time, Renounce Religion


You were in the Dungeon.
You worshipped Cheibriados.
Cheibriados was noncommittal.
You were not hungry.

You visited 1 branch You collected 310 gold pieces.
You spent 55 gold pieces at shops.

Inventory:

Hand Weapons
 a - a +0 flail (weapon)
Armour
 b - a +0 scale mail (worn)
 c - a +0 shield (worn)
Jewellery
 m - a ring of protection from cold (left hand)
Scrolls
 k - a scroll of blinking
Potions
 e - a potion of curing
 g - 2 potions of heal wounds
 i - 2 potions of magic
 l - a potion of brilliance {unknown}
Comestibles
 f - a bread ration


   Skills:
 + Level 9.7 Fighting
 + Level 9.8 Maces & Flails
 - Level 4.5 Armour
 * Level 6.6 Dodging
 - Level 4.9 Shields


You had 6 spell levels left.
You didn't know any spells.

Dungeon Overview and Level Annotations

Branches:
Dungeon (1/1)

Altars:
Cheibriados
Dithmenos
Elyvilon
Fedhas
Gozag
Hepliaklqana
Kikubaaqudgha
Makhleb
Nemelex Xobeh
Okawaru
Qazlal
Ru
Sif Muna
Trog
Uskayaw
Vehumet
Xom
Yredelemnul
Zin
The Shining One
Jiyva
Lugonu

Shops:
D !


Innate Abilities, Weirdness & Mutations

You are resistant to torment.
Your stone body is resilient. (AC +4)
You are immune to poison.
You resist negative energy. (rN+)
You are resistant to electric shocks. (rElec)
You can survive without breathing.
You are immune to petrification.
You are immune to rotting.


Message History

The centaur warrior wields a shortbow.
The centaur warrior shoots an arrow.
The arrow misses you.
The centaur warrior shoots an arrow.
The arrow hits you.
There is an open door here.
You see here an arrow.
The centaur warrior shoots an arrow.
The arrow hits you!
You see here a plate armour.
The centaur warrior shouts!
The centaur warrior wields a longbow.
The centaur warrior shoots an arrow.
The arrow hits you!!
The centaur warrior unwields an uncursed shortbow.
The centaur warrior hits you.
You see here an arrow.
The centaur warrior unwields an uncursed longbow.
The centaur warrior hits you.
* * * LOW HITPOINT WARNING * * *
The centaur warrior hits you!
* * * LOW HITPOINT WARNING * * *
The centaur warrior hits you but does no damage.
The centaur warrior hits you.
You die...

###################
#<.#..').#..'(.#__#
#..').#..').#..'..+
#..#####'#####(#__# #
#..####..#...#[####(§
#..#__####..##(#§§§§c#
#..#_____##'#!c@c§§..+
#⌠⌠#_.∩...'.!._#§§§.§#
####_..__##_.#'##+####
#_____###+#.# #######
###


You could see 2 centaur warriors.

Vanquished Creatures
  A slime creature (D)
  Sigmund (D)
  A yak (D)
  An ogre (D)
  A jelly (D)
  Ijyb (D)
6 creatures vanquished.

Vanquished Creatures (others)
  2 wasps (D)
2 creatures vanquished.

Grand Total: 8 creatures vanquished

Notes
Turn   | Place    | Note
-------+----------+-------------------------------------------
     0 | D        | poirepourri the Gargoyle Fighter began the quest for the Orb.
     0 | D        | Reached XP level 1. HP: 14/14 MP: 1/1
     2 | D        | Noticed Ijyb
    20 | D        | Killed Ijyb
    20 | D        | Reached XP level 2. HP: 20/20 MP: 2/2
    20 | D        | Reached XP level 3. HP: 24/24 MP: 3/3
   195 | D        | Noticed an ogre
   202 | D        | Killed an ogre
   202 | D        | Reached XP level 4. HP: 26/32 MP: 4/4
   268 | D        | Noticed Sigmund
   275 | D        | Killed Sigmund
   275 | D        | Reached XP level 5. HP: 22/39 MP: 5/5
   275 | D        | Reached XP level 6. HP: 25/44 MP: 6/6
   416 | D        | Found a deep blue altar of Sif Muna.
   418 | D        | Found a radiant altar of Vehumet.
   421 | D        | Reached skill level 5 in Dodging
   465 | D        | Found Surunoowy's Distillery.
   465 | D        | Found an ancient bone altar of Kikubaaqudgha.
   465 | D        | Found a hazy altar of Hepliaklqana.
   465 | D        | Found a stormy altar of Qazlal.
   465 | D        | Found a hide-covered altar of Uskayaw.
   465 | D        | Found a blossoming altar of Fedhas.
   465 | D        | Found a bloodstained altar of Trog.
   465 | D        | Found an iron altar of Okawaru.
   465 | D        | Found a basalt altar of Yredelemnul.
   465 | D        | Found a glowing golden altar of the Shining One.
   465 | D        | Found a snail-covered altar of Cheibriados.
   465 | D        | Found a sacrificial altar of Ru.
   465 | D        | Found a glowing silver altar of Zin.
   465 | D        | Found a shadowy altar of Dithmenos.
   465 | D        | Found a white marble altar of Elyvilon.
   465 | D        | Noticed a yak
   480 | D        | Killed a yak
   481 | D        | Found an opulent altar of Gozag.
   581 | D        | Found a sparkling altar of Nemelex Xobeh.
   587 | D        | Became a worshipper of Cheibriados the Contemplative
   590 | D        | Bought a potion of heal wounds for 55 gold pieces
   631 | D        | Found a burning altar of Makhleb.
   631 | D        | Found a viscous altar of Jiyva.
   631 | D        | Found a shimmering altar of Xom.
   631 | D        | Found a corrupted altar of Lugonu.
   631 | D        | Noticed a slime creature
   642 | D        | Killed a slime creature
   642 | D        | Reached XP level 7. HP: 14/52 MP: 7/7
   872 | D        | Noticed a centaur warrior
   872 | D        | Noticed a centaur warrior
   878 | D        | Slain by a centaur warrior

Vault maps used:
D:        dungeon_sprint_1

Skill      XL: |  1  2  3  4  5  6 |
---------------+-------------------+-----
Fighting       | 4 6 8 9 |  9.7
Maces & Flails | 3 4 7 9 |  9.8
Armour         | 4 |  4.5
Shields        | 4 |  4.9
Dodging        | 3 4 6 |  6.6

Action                   |  1- 3 |  4- 6 |  7- 9 || total
-------------------------+-------+-------+-------++-------
Melee: Flail             |    23 |    32 |       ||    55
  Use: Potion            |       |     1 |       ||     1
Armor: Scale mail        |     5 |     8 |     1 ||    14
Dodge: Dodged            |     2 |     7 |     1 ||    10
Block: Shield            |    15 |     9 |       ||    24
